 Dungeon Crawl Stone Soup version 0.23.2-40-g277498a001 (webtiles) character file.

Game seed: 14512427470182019857

13678 shmeezy the Severer (level 12, -10/108 HPs)
             Began as a Hill Orc Fighter on Oct 12, 2019.
             Was a High Priest of Beogh.
             Killed by divine providence
             ... invoked by an orc high priest
              (12 damage)
             ... on level 2 of the Orcish Mines.
             The game lasted 00:49:20 (14134 turns).

shmeezy the Severer (Hill Orc Fighter)             Turns: 14134, Time: 00:49:20

Health: -10/108    AC: 26    Str: 23    XL:     12   Next: 8%
Magic:  0/12       EV:  1    Int:  8    God:    Beogh [*****.]
Gold:   949        SH: 17    Dex: 11    Spells: 11/11 levels left

rFire    + + .     SeeInvis .   a - +0 war axe
rCold    + . .     Gourm    .   w - +0 large shield
rNeg     . . .     Faith    .   l - +3 crystal plate armour
rPois    +         Spirit   +   F - +0 helmet
rElec    +         Reflect  .   (no cloak)
rCorr    +         Harm     .   (no gloves)
MR       .....                  L - +0 pair of boots
Stlth    ..........             g - amulet of guardian spirit
HPRegen  0.28/turn              x - ring of protection from fire
MPRegen  0.13/turn              (no ring)

@: resistant
A: walk on water
a: Smiting, Recall Orcish Followers, Give Item to Named Follower, Renounce
Religion


You were on level 2 of the Orcish Mines.
You worshipped Beogh.
Beogh was extremely pleased with you.
You were not hungry.

You visited 3 branches of the dungeon, and saw 13 of its levels.

You collected 1031 gold pieces.
You spent 82 gold pieces at shops.

Inventory:

Hand Weapons
 a - a +0 war axe (weapon)
 u - a +2 battleaxe
Missiles
 G - 8 tomahawks of dispersal (quivered)
Armour
 l - a +3 crystal plate armour (worn)
 w - a +0 large shield (worn)
 F - a +0 helmet (worn)
 L - a +0 pair of boots (worn)
Jewellery
 g - an amulet of guardian spirit (around neck)
 s - an uncursed amulet of the gourmand {unknown}
 x - a ring of protection from fire (left hand)
 D - an uncursed ring of protection from fire
Wands
 b - a wand of acid (16)
 B - a wand of random effects (33)
 C - a wand of digging (4)
 M - a wand of disintegration (9)
Scrolls
 d - 4 scrolls of amnesia
 e - 11 scrolls of identify
 h - a scroll of fog {unknown}
 k - 3 scrolls of magic mapping
 m - 3 scrolls of remove curse
 o - 5 scrolls of teleportation
 q - 3 scrolls of enchant weapon
 v - a scroll of random uselessness {unknown}
 y - 2 scrolls of blinking {unknown}
 A - a scroll of noise {unknown}
Potions
 c - a potion of degeneration {unknown}
 i - 2 potions of flight {unknown}
 j - a potion of resistance
 n - 2 potions of invisibility {unknown}
 p - 2 potions of brilliance {unknown}
 r - 5 potions of curing
 t - 3 potions of haste {unknown}
 E - 2 potions of cancellation {unknown}
 H - a potion of lignification {unknown}
 J - 2 potions of magic {unknown}
Miscellaneous
 I - a phial of floods
 K - a phial of floods
Comestibles
 f - 13 rations


   Skills:
 + Level 10.8 Fighting
 * Level 15.1 Axes
 + Level 10.0 Armour
 + Level 10.0 Shields


You had 11 spell levels left.
You didn't know any spells.
Your spell library contained the following spells:

 Spells                   Type           Power        Failure   Level  Hunger
 Corona                   Hex            #......      100%        1    ##.....
 Summon Small Mammal      Summ           #...         100%        1    ##.....
 Call Imp                 Summ           #.......     100%        2    ###....
 Slow                     Hex            #.......     100%        2    ###....
 Call Canine Familiar     Summ           #.......     100%        3    ####...
 Inner Flame              Hex/Fire       #.......     100%        3    ####...
 Portal Projectile        Hex/Tloc       #.....       100%        3    ####...
 Summon Guardian Golem    Hex/Summ       #.......     100%        3    ####...
 Cause Fear               Hex            #.........   100%        4    #####..
 Leda's Liquefaction      Hex/Erth       #.........   100%        4    #####..
 Summon Ice Beast         Ice/Summ       #.......     100%        4    #####..
 Summon Lightning Spire   Summ/Air       #.......     100%        4    #####..


Dungeon Overview and Level Annotations

Branches:
Dungeon (10/15)            Temple (0/1) D:4            Lair (1/6) D:9
    Orc (2/2) D:10            Elf (0/3) Orc:2

Altars:
Ashenzari
Dithmenos
Elyvilon
Ru
Sif Muna
Vehumet
Wu Jian
Xom
Yredelemnul
The Shining One

Shops:
D:5 %   D:7 ?   Orc:2 ?}(

Annotations:
D:9 1 runed translucent door


Message History

Unknown command.
The orc high priest hits your orc priest with a +0 long sword!
Your orc priest hits the orc high priest with a +0 dagger.
The orc high priest mumbles some strange prayers.
The orc high priest hits your orc priest but does no damage.
Your orc priest hits the orc high priest with a +0 dagger.
You swap places.
The orc high priest intones a terrible prayer.
The orc high priest hits you but does no damage.
You block the orc high priest's attack.
Things that are here:
a +0 short sword; a +0 plate armour; an orc corpse You closely miss the orc high priest.
The orc high priest is lightly wounded.
You slash the orc high priest!
The orc high priest is moderately wounded.
The orc high priest invokes the aid of Beogh against you.
Beogh smites you!
You die...
Beogh appreciates the orc high priest's killing of a heretic priest.

..##.....##...##
.##.........##..#
................#
#...........#53#
#.........##5ยง##
#.......##o3o3#
.....#.#..)..)#)# ...
#o#.....##)# #
#@#...###..#
#o######))##
...####o####.).##
#....43o.o.o###
######.######
####.######
##......o..### ###
#........o...##
##.####....#..###o...#


You could see 2 orc high priests, a rust devil, a neqoxec, an orc sorcerer and a
friendly orc priest.

Vanquished Creatures
  An orc high priest (Orc:2)
  Pikel (D:9)
  An orc knight (Orc:2)
  The ghost of KrisU the Charmwright, a novice GnSk of Okawaru (D:7)
  An ugly thing (D:9)
  A cyclops (D:9)
  Joseph (D:7)
  The ghost of Tinylith the Shield-Bearer, a novice FoFi (D:5)
  A spiny frog (Lair:1)
  A spriggan (D:7)
  A wraith (D:6)
  11 yaks (Lair:1)
  A warg (D:9)
  4 water moccasins
  2 porcupines (Lair:1)
  8 orc warriors
  An ice beast (D:8)
  2 phantoms
  5 sky beasts
  A black bear (D:6)
  3 ogres
  3 centaurs
  3 big kobolds
  4 bullfrogs
  A wyvern skeleton (D:9)
  2 scorpions
  6 wights
  2 crimson imps
  2 howler monkeys
  2 bullfrog zombies
  A jelly (D:9)
  4 hounds
  14 orc wizards
  5 orc priests
  3 centaur skeletons
  2 bullfrog skeletons
  7 iguanas
  12 worker ants
  A bullfrog simulacrum (D:7)
  3 worker ant zombies
  A gnoll (D:6)
  8 adders
  5 shadow imps
  2 oozes (D:2)
  An adder zombie (D:4)
  2 adder skeletons
  A worm (D:3)
  2 dart slugs
  7 leopard geckos
  29 orcs
  6 bats
  6 giant cockroaches
  10 goblins
  6 hobgoblins
  9 jackals
  14 kobolds
  2 quokkas
  A ball python (D:6)
  4 frilled lizards
  2 jackal skeletons
  11 rats
  A spectral orc (D:2)
256 creatures vanquished.

Vanquished Creatures (collateral kills)
  A hydra (Lair:1)
  A wizard (D:9)
  An orc sorcerer (Orc:2)
  2 orc knights
  2 trolls
  2 polar bears (Lair:1)
  A hippogriff (D:10)
  A wyvern (D:9)
  3 yaks (Lair:1)
  4 wargs
  4 orc warriors
  An ogre (D:10)
  2 crocodiles (Lair:1)
  A bullfrog (Lair:1)
  2 wights
  3 hounds
  A jelly (D:10)
  3 orc priests (Orc:2)
  9 orc wizards
  A worker ant (D:9)
  A worker ant zombie (D:10)
  2 adders (D:9)
  An adder skeleton (D:9)
  A leopard gecko (D:9)
  5 orcs
  A quokka (D:9)
56 creatures vanquished.

Vanquished Creatures (others)
  3 orc knights
  2 orc sorcerers (Orc:2)
  7 orc warriors
  An electric eel (Lair:1)
  12 orc priests
  11 orc wizards
  28 orcs
  2 fungi (Lair:1)
  2 plants (Lair:1)
68 creatures vanquished.

Grand Total: 380 creatures vanquished

Notes
Turn   | Place    | Note
-------+----------+-------------------------------------------
     0 | D:1      | shmeezy the Hill Orc Fighter began the quest for the Orb.
     0 | D:1      | Reached XP level 1. HP: 19/19 MP: 1/1
   165 | D:1      | Reached skill level 3 in Axes
   165 | D:1      | Reached XP level 2. HP: 27/27 MP: 2/2
   700 | D:2      | Reached XP level 3. HP: 27/33 MP: 3/3
   939 | D:2      | Reached skill level 4 in Axes
  1040 | D:2      | Reached XP level 4. HP: 30/40 MP: 4/4
  1171 | D:2      | Found a basalt altar of Yredelemnul.
  2015 | D:3      | Reached XP level 5. HP: 23/46 MP: 5/5
  2261 | D:3      | Found a white marble altar of Elyvilon.
  2700 | D:3      | Reached skill level 5 in Axes
  3384 | D:4      | Reached XP level 6. HP: 53/53 MP: 6/6
  3867 | D:4      | Found a staircase to the Ecumenical Temple.
  4044 | D:4      | Became a worshipper of Beogh the Brigand
  4134 | D:4      | Reached skill level 6 in Axes
  4395 | D:4      | Reached skill level 5 in Fighting
  4549 | D:4      | Reached XP level 7. HP: 56/61 MP: 7/7
  4559 | D:4      | Found a sacrificial altar of Ru.
  4994 | D:4      | Reached skill level 5 in Shields
  5015 | D:5      | Entered Level 5 of the Dungeon
  5030 | D:5      | Reached skill level 5 in Armour
  5072 | D:5      | Reached skill level 7 in Axes
  5223 | D:5      | Reached * piety under Beogh
  5298 | D:5      | Found Uthriurph's Food Boutique.
  5350 | D:5      | Reached XP level 8. HP: 55/70 MP: 6/8
  5585 | D:5      | Reached skill level 8 in Axes
  5616 | D:5      | Found a runed translucent door.
  5618 | D:5      | Noticed Tinylith's ghost (novice FoFi)
  5697 | D:5      | Killed Tinylith's ghost
  5853 | D:6      | Reached skill level 9 in Axes
  5904 | D:6      | Noticed a wraith
  5915 | D:6      | Killed a wraith
  5915 | D:6      | Reached XP level 9. HP: 71/78 MP: 6/9
  6135 | D:6      | Reached skill level 10 in Axes
  6240 | D:6      | Reached ** piety under Beogh
  6903 | D:6      | Found a faded altar of an unknown god.
  6903 | D:6      | Found a shattered altar of Ashenzari.
  6916 | D:6      | Found a shimmering altar of Xom.
  6918 | D:6      | Found a radiant altar of Vehumet.
  6919 | D:6      | Found a glowing golden altar of the Shining One.
  7445 | D:7      | Reached skill level 11 in Axes
  7474 | D:7      | Noticed KrisU's ghost (novice GnSk)
  7525 | D:7      | Noticed Joseph
  7888 | D:7      | Found a transporter.
  7889 | D:7      | Found a transporter.
  7905 | D:7      | Killed Joseph
  7905 | D:7      | Reached XP level 10. HP: 57/88 MP: 5/10
  8094 | D:7      | Killed KrisU's ghost
  8157 | D:7      | Found a shadowy altar of Dithmenos.
  8206 | D:7      | Found Ygekapp's Magic Scroll Boutique.
  8214 | D:7      | Bought a scroll of enchant weapon for 82 gold pieces
  8452 | D:8      | Reached skill level 12 in Axes
  8758 | D:8      | Reached *** piety under Beogh
  9373 | D:9      | Found an ornate altar of the Wu Jian Council.
  9425 | D:9      | Found a staircase to the Lair.
  9631 | Lair:1   | Entered Level 1 of the Lair of Beasts
  9740 | Lair:1   | Reached skill level 13 in Axes
  9827 | Lair:1   | Noticed a seven-headed hydra
  9841 | Lair:1   | Killed a 15-headed hydra
  9841 | Lair:1   | Reached XP level 11. HP: 8/97 MP: 1/11
 10348 | Lair:1   | Noticed a six-headed hydra
 10764 | Lair:1   | Reached skill level 10 in Fighting
 10904 | D:9      | Noticed Pikel
 10931 | D:9      | Killed Pikel
 10931 | D:9      | Reached skill level 14 in Axes
 11081 | D:9      | Found a runed translucent door.
 11091 | D:9      | Noticed a red ugly thing
 11092 | D:9      | Reached **** piety under Beogh
 11110 | D:9      | Killed a red ugly thing
 11158 | D:9      | Noticed a cyclops
 11158 | D:9      | Noticed a wizard
 11167 | D:9      | Killed a wizard
 11175 | D:9      | Killed a cyclops
 11479 | D:9      | Found a runed translucent door.
 11822 | D:10     | Entered Level 10 of the Dungeon
 11897 | D:10     | Found a staircase to the Orcish Mines.
 12016 | D:10     | Noticed a catoblepas
 13055 | Orc:1    | Entered Level 1 of the Orcish Mines
 13055 | Orc:1    | Noticed an orc knight
 13071 | Orc:1    | Killed an orc knight
 13312 | Orc:1    | Found a deep blue altar of Sif Muna.
 13427 | Orc:2    | Entered Level 2 of the Orcish Mines
 13446 | Orc:2    | Reached ***** piety under Beogh
 13610 | Orc:2    | Found a staircase to the Elven Halls.
 13678 | Orc:2    | Found a gate leading to a gauntlet.
 14013 | Orc:2    | Noticed an orc sorcerer
 14031 | Orc:2    | Found Bykois's Weapon Emporium.
 14041 | Orc:2    | Noticed an orc knight
 14041 | Orc:2    | Noticed an orc knight
 14046 | Orc:2    | Noticed an orc sorcerer
 14053 | Orc:2    | Killed an orc sorcerer
 14056 | Orc:2    | Noticed an orc knight
 14056 | Orc:2    | Noticed an orc knight
 14064 | Orc:2    | Killed an orc knight
 14064 | Orc:2    | Reached skill level 15 in Axes
 14064 | Orc:2    | Reached XP level 12. HP: 26/108 MP: 4/12
 14082 | Orc:2    | Noticed an orc high priest
 14082 | Orc:2    | Noticed an orc high priest
 14085 | Orc:2    | Noticed a soul eater
 14093 | Orc:2    | Noticed an orc high priest
 14097 | Orc:2    | Killed an orc high priest
 14097 | Orc:2    | Reached skill level 10 in Armour
 14097 | Orc:2    | Reached skill level 10 in Shields
 14125 | Orc:2    | Found Sukk's Magic Scroll Emporium.
 14129 | Orc:2    | Found Ufurywozxi's Gadget Shop.
 14129 | Orc:2    | HP: 1/108 [orc high priest/divine providence (11)]
 14134 | Orc:2    | Killed from afar by an orc high priest

Skill      XL: |  1  2  3  4  5  6  7  8  9 10 11 12 |
---------------+-------------------------------------+-----
Axes           | 3 4 5 6 7 9 11 13 15 | 15.1
Fighting       | 4 5 6 8 9 10 | 10.8
Armour         | 4 5 6 7 8 9 10 | 10.0
Shields        | 4 5 6 7 8 9 10 | 10.0

Action                   |  1- 3 |  4- 6 |  7- 9 | 10-12 || total
-------------------------+-------+-------+-------+-------++-------
Melee: War axe           |   110 |   233 |   478 |   627 ||  1448
Invok: Convert to Beogh  |       |     1 |       |       ||     1
  Use: Scroll            |       |     5 |     1 |     7 ||    13
       Potion            |       |     1 |     2 |     8 ||    11
 Stab: Distracted        |       |       |       |     6 ||     6
       Confused          |       |       |       |     1 ||     1
       Petrified         |       |       |       |     3 ||     3
  Eat: Chunk             |     1 |     2 |     1 |     2 ||     6
       Ration            |       |     3 |     3 |     6 ||    12
Armor: Scale mail        |    42 |    95 |   102 |       ||   239
       Crystal plate arm |       |       |       |   325 ||   325
Dodge: Dodged            |    28 |    57 |    54 |    17 ||   156
Block: Shield            |    59 |   110 |       |       ||   169
       Large shield      |       |    10 |   329 |   461 ||   800
